 Dungeon Crawl Stone Soup version 0.27.1-34-g3ba077fa99 (webtiles) character file.

Game seed: 12867781067552620887

32 Arum the Skirmisher (level 3, -6/24 HPs)
             Began as a Gargoyle Fighter on Jan 9, 2022.
             Mangled by a gnoll (8 damage)
             ... on level 2 of the Dungeon.
             The game lasted 00:01:23 (1214 turns).

Arum the Skirmisher (Gargoyle Fighter)              Turns: 1214, Time: 00:01:23

Health: -6/24      AC: 11    Str: 19    XL:     3   Next: 25%
Magic:  3/3        EV:  7    Int:  8    God:
Gold:   8          SH:  9    Dex: 10    Spells: 2/2 levels left

rFire    . . .     SeeInvis .   a - +0 flail
rCold    . . .     Faith    .   c - +0 kite shield
rNeg     + . .     Spirit   .   b - +0 scale mail
rPois    ∞         Reflect  .   (no helmet)
rElec    +         Harm     .   f - +0 cloak
rCorr    .         Rampage  .   (no gloves)
Will     .....                  (no boots)
Stlth    ..........             (no amulet)
HPRegen  0.08/turn              (no ring)
MPRegen  0.08/turn              (no ring)

@: no status effects
A: sickness immunity, AC +3, negative energy resistance 1, electricity
resistance, torment resistance 1, petrification resistance
a: no special abilities


You were on level 2 of the Dungeon.
You visited 1 branch of the dungeon, and saw 2 of its levels.

You collected 8 gold pieces.

Inventory:

Hand Weapons
 a - a +0 flail (weapon)
Armour
 b - a +0 scale mail (worn)
 c - a +0 kite shield (worn)
 f - a +0 cloak (worn)
Jewellery
 i - a ring of magical power
Scrolls
 e - 2 scrolls of identify {unknown}
 g - 2 scrolls of enchant weapon {unknown}
 h - a scroll of teleportation {unknown}
 k - a scroll of immolation {unknown}
Potions
 d - a potion of might
 j - 2 potions of curing {unknown}
 l - a potion of berserk rage {unknown}


   Skills:
 + Level 3.8 Fighting
 + Level 2.6 Maces & Flails
 - Level 3.2 Armour
 + Level 3.8 Shields


You had 2 spell levels left.
You didn't know any spells.
Your spell library was empty.

Dungeon Overview and Level Annotations

Branches:
Dungeon (2/15)

Altars:

Shops:
D:2 *((


Innate Abilities, Weirdness & Mutations

You are immune to sickness and miasma.
Your stone body is resilient. (AC +3)
You are immune to poison.
You resist negative energy. (rN+)
You are resistant to electric shocks. (rElec)
You are resistant to unholy torment.
You are immune to petrification.


Message History

No target in view!
HP restored.
l - a cyan potion
Found Orouhics's Antique Weapon Emporium.
Found Xorunom's Assorted Antiques.
There is an entrance to Xorunom's Assorted Antiques here.
A gnoll comes into view. It is wielding a +0 halberd.
The gnoll shouts!
A gnoll comes into view. It is wielding a +0 spear.
A gnoll comes into view. It is wielding a +0 halberd.
There are monsters nearby!
Unknown command.
The gnoll shouts!
You hear a shout!
You block the gnoll's attack.
You hit the gnoll.
The gnoll is lightly wounded.
The gnoll completely misses you. You block the gnoll's attack. x3
You sock the gnoll!
The gnoll is heavily wounded.
You block the gnoll's attack. The gnoll hits you but does no damage.
Your shield and scale mail prevent you from hitting the gnoll.
The gnoll is heavily wounded.
The gnoll barely misses you.
A gnoll comes into view.
It is wielding a +0 whip of electrocution.
The gnoll hits you from afar with a +0 halberd!
You block the gnoll's attack. x2
You barely miss the gnoll.
The gnoll is heavily wounded.
The gnoll hits you with a +0 halberd. The gnoll barely misses you. x2
You hit the gnoll.
The gnoll is heavily wounded.
The gnoll hits you but does no damage. You block the gnoll's attack.
The gnoll hits you from afar with a +0 halberd.
You hit the gnoll.
The gnoll is severely wounded.
The gnoll hits you with a +0 halberd!
* * * LOW HITPOINT WARNING * * *
You block the gnoll's attack.
The gnoll hits you from afar with a +0 halberd!
You die...

.## ##.###. ..# .#
#.# ## .g#
#.####.####.# # #g#
... .......)####
#.###.####..#
##.####.##..
#...........#
#.....<.... #.# #.#
#.#.##.####
##.####.#####....#.#
#.ggg.@.....>......#
#.g####....>.......#
#..# ######.###.###
#..# #.# #.######
#.###..# #.#
#....... #......#
#∩# ########
#####.## #.# ### #
#.# #.# ##.## #.#
#.###.#.####


You could see 4 gnolls.

Vanquished Creatures
  A dart slug (D:1)
  2 endoplasms
  3 giant cockroaches
  3 goblins (D:1)
  4 hobgoblins (D:1)
  3 quokkas (D:1)
  2 ball pythons (D:1)
  3 bats (D:1)
  4 kobolds
  A rat (D:1)
26 creatures vanquished.

Notes
Turn   | Place    | Note
-------+----------+-------------------------------------------
     0 | D:1      | Arum the Gargoyle Fighter began the quest for the Orb.
     0 | D:1      | Reached XP level 1. HP: 14/14 MP: 1/1
   201 | D:1      | Reached XP level 2. HP: 6/19 MP: 2/2
   702 | D:1      | Reached XP level 3. HP: 24/24 MP: 3/3
   894 | D:1      | Found a faded altar of an unknown god.
   969 | D:2      | Found Ycryavua's Antique Weapon Boutique.
  1086 | D:2      | Found Orouhics's Antique Weapon Emporium.
  1144 | D:2      | Found Xorunom's Assorted Antiques.
  1214 | D:2      | Mangled by a gnoll

Illustrated notes

Levels and vault maps discovered:
D:1:      psy_arrival_fountain, layout_rooms, basic_ecumenical_altar,
          minmay_misc_feat_iff, minmay_misc_feat_encased, minmay_bisected
D:2:      layout_loops_ring, serial_shops, shop, nicolae_shop_waterfront,
          nicolae_shop_trees, shop, shop

Action                   || total
-------------------------++-------
Melee: Flail             ||    82
Armor: Scale mail        ||    58
Dodge: Dodged            ||    34
Block: Kite shield       ||    72
